 Dungeon Crawl Stone Soup version 0.27-a0-1060-gcb85b5eba1 (webtiles) character file.

Game seed: 591999781557870228

11762 senseless the Fighter (level 11, -10/108 HPs)
             Began as a Minotaur Fighter on Apr 21, 2021.
             Was an Elder of Cheibriados.
             Mangled by a two-headed ogre
             ... wielding a +0 giant club
              (22 damage)
             ... on level 10 of the Dungeon.
             The game lasted 00:25:31 (10076 turns).

senseless the Fighter (Minotaur Fighter)           Turns: 10076, Time: 00:25:32

Health: -10/108    AC: 16    Str: 40    XL:     11   Next: 53%
Magic:  5/10       EV: 10    Int: 25    God:    Cheibriados [****..]
Gold:   674        SH: 14    Dex: 17    Spells: 10/10 levels left

rFire    x . .     SeeInvis .   n - +4 flail (holy)
rCold    . . .     Faith    +   c - +0 kite shield
rNeg     . . .     Spirit   .   v - +0 acid dragon scales
rPois    +         Reflect  .   (helmet restricted)
rElec    .         Harm     .   i - +0 cloak
rCorr    +         Rampage  .   H - +3 pair of gloves of the Eagle {-Cast rPois Will+++ Dex-3}
Will     +++..     NoCast   +   g - +0 pair of boots
Stlth    +.........             I - amulet "Ukipaihow" {Faith rF- Int+4 Slay+3}
HPRegen  0.28/turn              x - +6 ring of intelligence
MPRegen  0.12/turn              J - +6 ring of strength

@: very slow
A: horns 2, retaliatory headbutt
a: Renounce Religion, Bend Time, Temporal Distortion, Slouch


You were on level 10 of the Dungeon.
You worshipped Cheibriados.
Cheibriados was greatly pleased with you.
You visited 1 branch of the dungeon, and saw 10 of its levels.

You collected 674 gold pieces.

Inventory:

Hand Weapons
 h - the +1 dagger of Death {vorpal, rCorr SInv}
   (You found it on level 9 of the Dungeon)

   It inflicts extra damage upon your enemies.
   It lets you see invisible.
   It protects you from acid and corrosion.
 n - a +4 flail of holy wrath (weapon)
 C - a +5 long sword
 D - a +2 war axe
 K - the +4 trident of the Whelk {freeze, rCorr Str+5}
   (You found it on level 8 of the Dungeon)

   It has been specially enchanted to freeze those struck by it, causing extra
   injury to most foes and up to half again as much damage against particularly
   susceptible opponents.
   It can also slow down cold-blooded creatures.
   It affects your strength (+5).
   It protects you from acid and corrosion.
Missiles
 y - a throwing net (quivered)
 E - a curare-tipped dart
Armour
 c - a +0 kite shield (worn)
 g - a +0 pair of boots (worn)
 i - a +0 cloak (worn)
 v - +0 acid dragon scales (worn)
 H - the +3 pair of gloves of the Eagle (worn) {-Cast rPois Will+++ Dex-3}
   (You found it on level 8 of the Dungeon)

   It affects your dexterity (-3).
   It protects you from poison.
   It prevents spellcasting.
   It greatly increases your willpower.
Jewellery
 x - a +6 ring of intelligence (left hand)
 F - a ring of ice
 I - the amulet "Ukipaihow" (around neck) {Faith rF- Int+4 Slay+3}
   (You found it on level 7 of the Dungeon)

   [amulet of faith]

   It allows you to gain divine favour quickly.
   It affects your intelligence (+4).
   It affects your accuracy and damage with ranged weapons and melee attacks
   (+3).
   It makes you vulnerable to fire.
 J - a +6 ring of strength (right hand)
Wands
 q - a wand of iceblast (12)
 u - a wand of charming (7)
 z - a wand of flame (37)
Scrolls
 k - a scroll of fear
 l - 2 scrolls of amnesia
 o - 6 scrolls of identify
 p - 2 scrolls of blinking
 A - 4 scrolls of teleportation
 L - a scroll of magic mapping
Potions
 a - 2 potions of flight
 b - a potion of resistance {unknown}
 d - 2 potions of might
 e - a potion of berserk rage
 f - a potion of attraction
 j - 3 potions of heal wounds
 m - 3 potions of lignification
 r - a potion of brilliance
 s - 3 potions of haste
 t - a potion of cancellation
 w - 4 potions of curing
 G - a potion of ambrosia


   Skills:
 * Level 13.9 Fighting
 - Level 3.5(7.0) Axes
 + Level 9.5(9.8) Maces & Flails
 + Level 10.5 Armour
 + Level 10.5 Shields


You had 10 spell levels left.
You didn't know any spells.
Your spell library contained the following spells:

 Spells                   Type           Power      Damage    Failure   Level
 Animate Skeleton         Necr           0%         N/A       26%         1
 Beastly Appendage        Tmut           0%         N/A       26%         1
 Pain                     Necr           0%         1d4       26%         1
 Shock                    Conj/Air       0%         1d3       26%         1
 Poisonous Vapours        Pois/Air       0%         N/A       38%         2
 Static Discharge         Conj/Air       0%         N/A       38%         2
 Wereblood                Tmut           0%         N/A       38%         2
 Spider Form              Tmut/Pois      0%         N/A       63%         3
 Swiftness                Air            0%         N/A       63%         3
 Vampiric Draining        Necr           0%         2d6       63%         3
 Airstrike                Air            0%         N/A       95%         4
 Animate Dead             Necr           0%         N/A       95%         4
 Ice Form                 Ice/Tmut       0%         N/A       95%         4
 Agony                    Necr           0%         N/A       100%        5
 Hydra Form               Tmut           0%         N/A       100%        5
 Lightning Bolt           Conj/Air       0%         1d11      100%        5
 Blade Hands              Tmut           0%         N/A       100%        6
 Eringya's Noxious Bog    Tmut/Pois      0%         N/A       100%        6


Dungeon Overview and Level Annotations

Branches:
Dungeon (10/15)            Temple (0/1) D:4
   Lair: D:8-11         Orc: D:9-12

Altars:
Ashenzari
Cheibriados
Dithmenos
Elyvilon
Ru

Shops:
D:6 *

Annotations:
D:4 3 runed translucent doors, Killmatronix's ghost, amateur MiSu
D:7 2 runed translucent doors


Innate Abilities, Weirdness & Mutations

You have a pair of horns on your head.
You reflexively headbutt those who attack you in melee.


Message History

You barely miss the two-headed ogre.
The two-headed ogre is heavily wounded.
The two-headed ogre hits you with a +0 giant club!
The two-headed ogre hits you but does no damage.
You bludgeon the two-headed ogre!! You headbutt the two-headed ogre!
The two-headed ogre is severely wounded.
You sock the two-headed ogre! You headbutt the two-headed ogre!
You kill the two-headed ogre!
Cheibriados thoroughly appreciates the change of pace.
You block the two-headed ogre's attack. x2
You thump the two-headed ogre! You headbutt the two-headed ogre!!
The two-headed ogre is heavily wounded.
You block the two-headed ogre's attack.
The two-headed ogre hits you with a +0 giant club!
The two-headed ogre closely misses you. You furiously retaliate!
You headbutt the two-headed ogre! You block the two-headed ogre's attack.
You hit the two-headed ogre. You headbutt the two-headed ogre!!
The two-headed ogre is almost dead.
The two-headed ogre hits you with a +0 giant club!
The two-headed ogre closely misses you. x2
The two-headed ogre hits you with a +0 giant club!!
You fail to use your ability.
The two-headed ogre hits you with a +0 giant club.
The two-headed ogre misses you.
You can feel time thicken for a moment.
You kill the two-headed ogre!
Cheibriados appreciates the change of pace.
You can no longer step out of the flow of time.
Cheibriados lowers the support of your attributes as your movement quickens.
The two-headed ogre hits you with a +0 giant club!!
* * * LOW HITPOINT WARNING * * *
The two-headed ogre barely misses you.
The two-headed ogre hits you but does no damage.
The two-headed ogre closely misses you.
The two-headed ogre hits you with a +0 giant club!
* * * LOW HITPOINT WARNING * * *
You block the two-headed ogre's attack. The two-headed ogre closely misses you.
You block the two-headed ogre's attack.
The two-headed ogre hits you with a +0 giant club!!
You die...
OO

...####O# #..[...O. #........
###.#......####
..#........)..## ##.#
#...####...## #..#
###..#....O.#
...####........O@#
...#.#.....##....##
.......#.###......####
.<...###...##.....##.#
......##...##.....#<.##
.......###..#.........#####
......## #................###
......####.###.............(###
......##.....#.##.............#


You could see 2 two-headed ogres.

Vanquished Creatures
  Erolcha (D:9)
  3 two-headed ogres (D:10)
  Pikel (D:6)
  A deep elf pyromancer (D:10)
  A centaur zombie (D:9)
  Maurice (D:8)
  Joseph (D:8)
  Maggie (D:7)
  A komodo dragon (D:7)
  Prince Ribbit (D:7)
  4 trolls
  A shadow (D:10)
  13 yaks
  3 steam dragons
  A vampire mosquito (D:7)
  2 acid dragons (D:9)
  A water moccasin (D:7)
  An orc warrior (D:9)
  2 black bears
  5 ice beasts
  2 ogres (D:6)
  2 centaurs
  A phantom (D:6)
  3 lemures (D:6)
  A kobold brigand (D:7)
  Blork the orc (D:4)
  3 bullfrogs
  A scorpion (D:5)
  A water moccasin skeleton (D:6)
  4 wights (D:7)
  4 howler monkeys
  2 lava snakes (D:9)
  3 bullfrog zombies
  2 jellies
  A hound (D:4)
  2 orc priests
  4 bullfrog skeletons
  2 centaur skeletons
  5 orc wizards
  Natasha (thrice) (D:4)
  An iguana (D:6)
  A hound skeleton (D:5)
  4 howler monkey zombies
  6 gnolls
  8 adders
  2 shadow imps (D:7)
  2 ufetubi
  An adder zombie (D:5)
  3 dart slugs
  21 orcs
  8 ball pythons
  6 endoplasms
  2 giant cockroaches
  5 goblins
  9 hobgoblins
  15 jackals
  13 kobolds
  5 quokkas
  2 bats
  3 frilled lizards (D:1)
  5 rats
214 creatures vanquished.

Notes
Turn   | Place    | Note
-------+----------+-------------------------------------------
     0 | D:1      | senseless the Minotaur Fighter began the quest for the Orb.
     0 | D:1      | Reached XP level 1. HP: 19/19 MP: 0/0
   166 | D:1      | Reached XP level 2. HP: 27/27 MP: 1/1
   180 | D:1      | Reached skill level 4 in Fighting
   906 | D:2      | Found a faded altar of an unknown god.
  1065 | D:2      | Reached XP level 3. HP: 33/33 MP: 2/2
  1206 | D:2      | Reached XP level 4. HP: 40/41 MP: 3/3
  2107 | D:3      | Reached skill level 5 in Fighting
  2201 | D:3      | Reached XP level 5. HP: 48/48 MP: 4/4
  2214 | D:3      | Found a sacrificial altar of Ru.
  2232 | D:3      | Found a snail-covered altar of Cheibriados.
  2238 | D:3      | Became a worshipper of Cheibriados the Contemplative
  2766 | D:4      | Reached skill level 1 in Maces & Flails
  2803 | D:4      | Noticed Blork the orc
  2805 | D:4      | Found a staircase to the Ecumenical Temple.
  2809 | D:4      | Killed Blork the orc
  2810 | D:4      | Reached XP level 6. HP: 52/57 MP: 5/5
  2989 | D:4      | Reached skill level 6 in Fighting
  2994 | D:4      | Reached skill level 5 in Armour
  3006 | D:4      | Reached * piety under Cheibriados
  3020 | D:4      | Found a runed translucent gate.
  3020 | D:4      | Found a runed translucent gate.
  3020 | D:4      | Found a runed translucent gate.
  3020 | D:4      | Noticed Killmatronix's ghost (amateur MiSu)
  3062 | D:4      | Noticed Natasha
  3066 | D:4      | Killed Natasha
  3067 | D:4      | Reached skill level 5 in Shields
  3418 | D:4      | Noticed Natasha
  3422 | D:4      | Killed Natasha
  3557 | D:4      | Noticed Natasha
  3561 | D:4      | Killed Natasha
  3579 | D:5      | Entered Level 5 of the Dungeon
  3677 | D:5      | Reached XP level 7. HP: 64/64 MP: 6/6
  3910 | D:5      | Reached skill level 7 in Fighting
  3921 | D:5      | Reached ** piety under Cheibriados
  4011 | D:5      | Found a white marble altar of Elyvilon.
  4419 | D:5      | Reached XP level 8. HP: 72/74 MP: 7/7
  4646 | D:6      | Reached skill level 8 in Fighting
  5038 | D:6      | Reached skill level 9 in Fighting
  5198 | D:6      | Reached skill level 5 in Maces & Flails
  5262 | D:6      | Noticed Pikel
  5269 | D:6      | Killed Pikel
  5270 | D:6      | Reached XP level 9. HP: 59/85 MP: 8/8
  5425 | D:6      | Found Iclator's Assorted Antiques.
  5854 | D:7      | Noticed Maggie
  5874 | D:7      | Killed Maggie
  5875 | D:7      | Reached skill level 10 in Fighting
  6293 | D:7      | Noticed Prince Ribbit
  6301 | D:7      | Killed Prince Ribbit
  6301 | D:7      | Reached *** piety under Cheibriados
  6474 | D:7      | Reached skill level 11 in Fighting
  6774 | D:7      | Found a large runed translucent door.
  6806 | D:7      | Found a large runed translucent door.
  6806 | D:7      | Found a large runed translucent door.
  6808 | D:7      | Found a large runed translucent door.
  6810 | D:7      | Noticed a komodo dragon
  6960 | D:7      | Reached XP level 10. HP: 77/96 MP: 9/9
  7033 | D:7      | Identified the amulet "Ukipaihow" {Faith rF- Int+4 Slay+3}
  7319 | D:7      | Identified the Guide on Toxic Transmigration
  7523 | D:7      | Reached **** piety under Cheibriados
  7663 | D:8      | Found a shadowy altar of Dithmenos.
  7709 | D:8      | Found a broken altar of Ashenzari.
  7772 | D:8      | Noticed Joseph
  7779 | D:8      | Killed Joseph
  7780 | D:8      | Reached skill level 12 in Fighting
  7788 | D:8      | Identified the +4 trident of the Whelk {freeze, rCorr
                  | Str+5}
  8182 | D:8      | Noticed Maurice
  8189 | D:8      | Killed Maurice
  8303 | D:8      | Identified the +3 pair of gloves of the Eagle {-Cast rPois
                  | Will+++ Dex-3}
  8717 | D:9      | Reached XP level 11. HP: 72/106 MP: 10/10
  8898 | D:9      | Noticed Erolcha
  8906 | D:9      | Killed Erolcha
  8907 | D:9      | Reached skill level 13 in Fighting
  8908 | D:9      | Reached ***** piety under Cheibriados
  8912 | D:9      | Reached skill level 10 in Shields
  9056 | D:9      | Reached skill level 10 in Armour
  9287 | D:9      | You fall into a shaft and drop 1 floor!
  9287 | D:10     | Entered Level 10 of the Dungeon
  9301 | D:10     | Noticed a two-headed ogre
  9307 | D:10     | Killed a two-headed ogre
  9537 | D:9      | Identified the +1 dagger of Death {vorpal, rCorr SInv}
  9967 | D:10     | Noticed a deep elf pyromancer
  9978 | D:10     | Killed a deep elf pyromancer
 10062 | D:10     | Noticed a two-headed ogre
 10063 | D:10     | Noticed a two-headed ogre
 10063 | D:10     | Noticed a two-headed ogre
 10063 | D:10     | Noticed a two-headed ogre
 10063 | D:10     | Noticed an ogre mage
 10069 | D:10     | Killed a two-headed ogre
 10073 | D:10     | Killed a two-headed ogre
 10076 | D:10     | Mangled by a two-headed ogre

Illustrated notes

Levels and vault maps discovered:
D:1:      minmay_arrival_four_houses, layout_rooms
D:2:      minmay_alternating_diamond, layout_basic,
          shapermc_ecumenical_altar_mp_ritualfount, solitary_fountain
D:3:      layout_basic, general_overflow_altar, nicolae_overflow_crystal_walls
D:4:      layout_basic, temple_pool_b, ebering_ghost_rock_garden,
          chequers_mini_garden, uniq_natasha, uniq_blork_the_orc
D:5:      layout_basic, nicolae_elyvilon_peaceful_grove, minivault_1,
          skrybe_limestone_x, water_boxes_lemuel
D:6:      layout_loops_ring, serial_shops, nicolae_shop_behind_doors, uniq_pikel
D:7:      layout_basic, minmay_hollow_rounded_squares, uniq_prince_ribbit1,
          uniq_maggie
D:8:      layout_basic, grunt_dithmenos_smoke, pf_just_have_faith,
          kennysheep_decorative_pillar, chequers_jeans, uniq_joseph,
          uniq_maurice
D:9:      layout_basic, hangedman_abyss_or_decor_clamps,
          statue_in_the_mist_lemuel, nicolae_lava_and_water, uniq_erolcha
D:10:     layout_cave_pools, old_standard_altar

Skill      XL: |  1  2  3  4  5  6  7  8  9 10 11 |
---------------+----------------------------------+-----
Fighting       | 4 5 6 7 9 11 12 13 | 13.9
Armour         | 4 5 6 7 8 9 10 | 10.5
Axes           | 3 |  3.5
Shields        | 4 5 6 7 8 9 10 | 10.5
Maces & Flails | 1 2 3 5 7 8 9 |  9.5

Action                   |  1- 3 |  4- 6 |  7- 9 | 10-12 || total
-------------------------+-------+-------+-------+-------++-------
Melee: War axe           |    72 |    49 |       |       ||   121
       Headbutt          |    17 |    19 |    51 |    44 ||   131
       Flail             |       |    57 |   189 |   117 ||   363
Invok: Slouch            |       |       |       |     1 ||     1
  Use: Scroll            |       |     7 |     8 |     4 ||    19
       Potion            |       |       |     3 |       ||     3
 Stab: Sleeping          |       |       |       |     1 ||     1
Armor: Scale mail        |    35 |    37 |    63 |       ||   135
       Acid dragon scale |       |       |    26 |    39 ||    65
Dodge: Dodged            |    22 |    35 |    79 |    55 ||   191
Block: Kite shield       |    41 |    67 |   113 |   109 ||   330

Table legend: (Time is in decaauts)
 A = Elapsed time spent in this place.
 B = Non-inter-level travel time spent in this place.
 C = Inter-level travel time spent in this place.
 D = Time resting spent in this place.
 E = Time spent auto-exploring this place.
 F = Levels seen in this place.
 G = Mean time per level.
                   A        B        C        D        E       F      G
               +--------+--------+--------+--------+--------+-----+--------+
         Total |  13028 |  12527 |    501 |    972 |   9951 |  10 | 1302.8 |
       Dungeon |  13028 |  12527 |    501 |    972 |   9951 |  10 | 1302.8 |
               +--------+--------+--------+--------+--------+-----+--------+

Top non-repeatable levels by time:
     D:7: 2320 daAuts
     D:9: 1863 daAuts
     D:6: 1558 daAuts
     D:8: 1511 daAuts
     D:5: 1319 daAuts
     D:4: 1186 daAuts
     D:3: 1103 daAuts
     D:1: 891 daAuts
     D:2: 876 daAuts
    D:10: 396 daAuts
